General information
- name: BNet
- type: Ladder 1vs1/FFA
- host: Battle.net
- saver: coL.Gate
map: RoadToStratholme
- players: 2
- length: 22:34
- speed: Fast
- version: 1.26 W3XP
- replay type: Public
» download(59 KB)
Players
team 1 (winner)
coL.Gate (
red | 67 APM | 1520 actions | 22:34)
6 Mountain King
3 Storm Bolt
2 Bash
1 Avatar
4 Archmage
2 Summon Water Elemental
2 Brilliance Aura
» actions
| Assign group hotkey | 58 | |
| Basic commands | 50 | |
| Build / train | 92 | |
| ESC pressed | 1 | |
| Enter build submenu | 47 | |
| Enter hero's abilities submenu | 10 | |
| Give item / drop item | 2 | |
| Right click | 477 | |
| Select / deselect | 366 | |
| Select group hotkey | 242 | |
| Use ability | 175 | |
1520 total
» units
| Peasant | 11 | |
| Footman | 5 | |
| Forest Troll Shadow Priest | 1 | |
| Forest Troll Berserker | 1 | |
| Goblin Shredder | 2 | |
| Goblin Zeppelin | 1 | |
| Dragonhawk Rider | 6 | |
| Sorceress | 2 | |
| Priest | 1 | |
30 total
» upgrades
| Defend | 1 | |
| Masonry | 3 | |
| Armor | 3 | |
| Animal War Training | 1 | |
| Cloud | 1 | |
| Storm Hammers | 1 | |
| Magic Sentry | 1 | |
| Sorceress Training | 2 | |
| Swords | 2 | |
| Lumber Harvesting | 1 | |
| Priest Training | 1 | |
17 total
» buildings
| Barracks | 1 | |
| Altar of Kings | 1 | |
| Farm | 12 | |
| Scout Tower | 23 | |
| Arcane Tower | 3 | |
| Town Hall | 1 | |
| Arcane Vault | 1 | |
| Lumber Mill | 1 | |
| Keep | 1 | |
| Guard Tower | 9 | |
| Blacksmith | 1 | |
| Castle | 1 | |
| Gryphon Aviary | 3 | |
| Arcane Sanctum | 1 | |
59 total
» build order
00:09 Barracks
00:27 Altar of Kings
00:36 Farm
01:03 Farm
02:08 Scout Tower
02:22 Farm
02:45 Arcane Tower
02:55 Farm
04:44 Scout Tower
04:56 Scout Tower
04:58 Town Hall
05:07 Arcane Vault
05:16 Arcane Tower
05:40 Lumber Mill
05:44 Arcane Tower
06:01 Scout Tower
06:02 Scout Tower
06:06 Scout Tower
06:07 Scout Tower
07:54 Scout Tower
07:54 Scout Tower
07:56 Scout Tower
07:57 Scout Tower
07:57 Scout Tower
07:58 Scout Tower
08:23 Keep
08:26 Guard Tower
08:39 Guard Tower
08:46 Guard Tower
09:55 Scout Tower
09:56 Scout Tower
10:00 Scout Tower
10:01 Scout Tower
10:07 Guard Tower
10:29 Blacksmith
10:32 Guard Tower
10:52 Castle
11:21 Guard Tower
11:50 Farm
12:02 Gryphon Aviary
12:03 Gryphon Aviary
12:05 Gryphon Aviary
12:23 Farm
13:55 Arcane Sanctum
13:59 Scout Tower
14:01 Scout Tower
14:02 Scout Tower
14:03 Scout Tower
15:22 Guard Tower
15:25 Scout Tower
17:28 Farm
17:28 Farm
17:29 Farm
17:29 Farm
17:44 Guard Tower
17:48 Farm
18:29 Scout Tower
19:23 Guard Tower
20:20 Farm
» items
| Scroll of Regeneration | 3 | |
| Mechanical Critter | 1 | |
| Lesser Clarity Potion | 1 | |
| Potion of Healing | 2 | |
| Scroll of Healing | 2 | |
| Scroll of Town Portal | 2 | |
| Staff of Sanctuary | 1 | |
| Orb of Fire | 1 | |
| Potion of Mana | 1 | |
| Boots of Speed | 1 | |
| Periapt of Vitality | 1 | |
| Potion of Lesser Invulnerability | 1 | |
17 total
team 2 (loser)

»
Hammertest (
blue | 21 APM | 463 actions | 22:28)
5 Warden
3 Shadow Strike
2 Fan of Knives
» actions
| Assign group hotkey | 14 | |
| Basic commands | 3 | |
| Build / train | 54 | |
| ESC pressed | 1 | |
| Enter build submenu | 16 | |
| Enter hero's abilities submenu | 5 | |
| Right click | 137 | |
| Select / deselect | 143 | |
| Select group hotkey | 53 | |
| Use ability | 37 | |
463 total
» units
| Wisp | 10 | |
| Huntress | 4 | |
| Glaive Thrower | 2 | |
| Druid of the Talon | 3 | |
| Hippogryph | 7 | |
| Forest Troll Shadow Priest | 1 | |
| Mud Golem | 1 | |
| Chimaera | 4 | |
| Faerie Dragon | 4 | |
36 total
» upgrades
| Strength of the Moon | 1 | |
| Moon Armor | 1 | |
| Druid of the Talon Training | 2 | |
| Mark of the Talon | 1 | |
| Corrosive Breath | 1 | |
| Strength of the Wild | 1 | |
| Reinforced Hides | 1 | |
8 total
» buildings
| Altar of Elders | 1 | |
| Moon Well | 7 | |
| Hunter's Hall | 1 | |
| Ancient of War | 2 | |
| Ancient Protector | 1 | |
| Tree of Ages | 1 | |
| Ancient of Wind | 1 | |
| Tree of Eternity | 1 | |
| Ancient of Wonders | 1 | |
| Chimaera Roost | 1 | |
17 total
» build order
00:24 Altar of Elders
00:37 Moon Well
01:46 Hunter's Hall
02:07 Ancient of War
02:44 Ancient of War
02:59 Moon Well
03:17 Moon Well
04:18 Ancient Protector
05:21 Tree of Ages
05:58 Moon Well
07:48 Ancient of Wind
08:58 Tree of Eternity
11:08 Ancient of Wonders
11:33 Chimaera Roost
14:13 Moon Well
15:10 Moon Well
16:29 Moon Well
» items
Chat log
(00:14 / All) coL.Gate: hey i heard of you
(00:31 / All) Hammertest: hi
(00:38 / All) coL.Gate: you're famous
(00:55 / All) coL.Gate: as being the worst warcraft player with the largest number of orc games
(01:07 / All) coL.Gate: what an honor to meet a legend
(01:31 / All) Hammertest: show of server europe
(01:34 / All) coL.Gate: i know
(01:40 / All) coL.Gate: you played this game like a million times and never learned
(01:49 / All) coL.Gate: its legendary
(04:01 / All) coL.Gate: what is it like to have wasted your life?
(09:46 / All) coL.Gate: how can you be this bad after so many games
(09:48 / All) coL.Gate: its remarkable
(10:21 / All) coL.Gate: like i said...legendary
(14:46 / All) coL.Gate: thats all you have?
(14:48 / All) coL.Gate: even now
(15:02 / All) coL.Gate: wow youre like so bad, you're "special" bad
(18:23 / All) coL.Gate: LOL
(18:33 / All) coL.Gate: so bad...
(19:34 / All) coL.Gate: look at all those dragonhawks
(19:46 / All) coL.Gate: and youre STILL making air
(19:47 / All) coL.Gate: lol
(19:56 / All) coL.Gate: holy crap i cant believe you're so bad
(21:34 / All) coL.Gate: worst
(21:35 / All) coL.Gate: player
(21:36 / All) coL.Gate: ever.
(21:57 / All) coL.Gate: FULL MOON WELLS
(21:59 / All) coL.Gate: and a dead army
(22:15 / All) coL.Gate: LOL
(22:20 / All) coL.Gate: no more need to micro anything
(22:24 / All) Hammertest: i play whitout tools
(22:27 / All) coL.Gate: so do i
(22:28 / All) coL.Gate: only
(22:33 / All) coL.Gate: i dont SUCK